 Dungeon Crawl Stone Soup version 0.27.1-35-g4d5d836560 (webtiles) character file.

Game seed: 15265861901087806524

85 Delamore the Sneak (level 4, -6/29 HPs)
             Began as an Octopode Brigand on Mar 8, 2022.
             Mangled by a bullfrog (8 damage)
             ... on level 3 of the Dungeon.
             The game lasted 00:01:52 (2346 turns).

Delamore the Sneak (Octopode Brigand)               Turns: 2346, Time: 00:01:53

Health: -6/29      AC:  1    Str: 10    XL:     4   Next: 48%
Magic:  4/4        EV: 12    Int: 13    God:
Gold:   62         SH:  0    Dex: 14    Spells: 3/3 levels left

rFire    + . .     SeeInvis .   a - +3 dagger
rCold    + . .     Faith    .   (no shield)
rNeg     . . .     Spirit   .   (helmet restricted)
rPois    +         Reflect  .   (no amulet)
rElec    +         Harm     .   k - ring of willpower
rCorr    +         Rampage  .   (no ring)
Will     +....                  (no ring)
Stlth    +++++.....             (no ring)
HPRegen  0.09/turn              (no ring)
MPRegen  0.09/turn              (no ring)
                                (no ring)
                                (no ring)

@: lethally poisoned (-6 -> -9), about to teleport, resistant
A: almost no armour, amphibious, 8 rings, camouflage 1, gelatinous body 1,
(nimble swimmer 1), tentacles
a: no special abilities


You were on level 3 of the Dungeon.
You visited 1 branch of the dungeon, and saw 3 of its levels.

You collected 62 gold pieces.

Inventory:

Hand Weapons
 a - a +3 dagger (weapon)
Missiles
 b - 17 poisoned darts (quivered)
 c - 2 curare-tipped darts
Jewellery
 j - a ring of ice
 k - a ring of willpower (left tentacle)
Scrolls
 l - a scroll of blinking {unknown}
Potions
 d - a potion of magic {unknown}
 e - a potion of resistance
 f - 2 potions of curing {unknown}
 g - a potion of brilliance {unknown}


   Skills:
 - Level 2.0 Fighting
 + Level 3.0 Short Blades
 - Level 2.0 Throwing
 - Level 1.0 Dodging
 * Level 7.3 Stealth


You had 3 spell levels left.
You didn't know any spells.
Your spell library contained the following spells:

 Spells                   Type           Power      Damage    Failure   Level
 Freeze                   Ice            0%         1d3       30%         1
 Frozen Ramparts          Ice            0%         1d2       67%         3
 Hailstorm                Conj/Ice       0%         3d3       97%         4


Dungeon Overview and Level Annotations

Branches:
Dungeon (3/15)

Altars:
Fedhas

Shops:
D:1 ([(


Innate Abilities, Weirdness & Mutations

You cannot wear most types of armour.
You are amphibious.
You can wear up to eight rings at the same time.
Your skin changes colour to match your surroundings (Stealth+).
Your rubbery body absorbs attacks. (AC +1, EV +1)
((You are camouflaged near water. (Stealth+)))
You have tentacles for arms and can constrict up to eight enemies at once.


Message History

You kill the kobold!
An orc comes into view.
It is wielding a +0 hand axe and quivering silver boomerangs.
The adder barely misses you.
Things that are here:
a +0 club; a stone You closely miss the adder.
Your grab misses the adder. The adder bites you.
You hit the bullfrog. Your grab misses the bullfrog.
The bullfrog is lightly wounded.
The adder misses you. The bullfrog hits you.
You closely miss the bullfrog. Your grab misses the bullfrog.
The bullfrog is lightly wounded.
The orc shouts!
The adder misses you. The bullfrog barely misses you. The adder bites you.
You hit the bullfrog. Your grab misses the bullfrog.
The bullfrog is lightly wounded.
The bullfrog hits you. The adder bites you but does no damage.
The quokka misses you.
You are too injured to fight recklessly!
You are too injured to fight recklessly!
As you read the scroll labelled EJEUPA ANWEAT KET, it crumbles to dust.
It is a scroll of enchant weapon.
Your +2 dagger glows red for a moment.
The bullfrog barely misses you. The adder bites you.
* * * LOW HITPOINT WARNING * * *
You are poisoned.
The adder poisons you! The bullfrog hits you.
* * * LOW HITPOINT WARNING * * *
The quokka closely misses you.
The orc suddenly jeers, in orcish tradition.
As you read the scroll labelled HUUNAO MISCHERY, it crumbles to dust.
You feel strangely unstable.
It was a scroll of teleportation.
* * * LOW HITPOINT WARNING * * *
You feel sick. The bullfrog barely misses you. The adder misses you.
The quokka barely misses you.
Okay, then.
It was a potion of resistance.
You feel protected.
* * * LOW HITPOINT WARNING * * *
You feel sick. The bullfrog hits you!
You die...

.. ##.....#
#.##.....<..###
###.#..#.........
#.....##.........
###.#..............
....#..............
..................
#.....F@S......
###......r...o...
##................
##..#..............
####..#....##.........
#)......#####.........
#.##.#### #.........
###.##.# #.........
#......# ...


You could see a bullfrog, an adder, an orc and a quokka.

Vanquished Creatures
  Natasha (D:2)
  2 adders (D:2)
  2 dart slugs (D:1)
  6 bats
  2 endoplasms (D:1)
  A giant cockroach (D:2)
  5 goblins
  2 hobgoblins (D:2)
  5 kobolds
  3 quokkas
  5 ball pythons
  2 frilled lizards (D:1)
  3 rats
39 creatures vanquished.

Notes
Turn   | Place    | Note
-------+----------+-------------------------------------------
     0 | D:1      | Delamore the Octopode Brigand began the quest for the Orb.
     0 | D:1      | Reached XP level 1. HP: 14/14 MP: 1/1
   246 | D:1      | Found Nuthreroung's Antique Armour Boutique.
   249 | D:1      | Found Xawko's Magic Scroll Shop.
   254 | D:1      | Found Osaolab's Antique Weapon Boutique.
   294 | D:1      | Reached XP level 2. HP: 19/19 MP: 2/2
   308 | D:1      | Found a faded altar of an unknown god.
   334 | D:1      | Found Puohaov's Antique Weapon Shop.
   716 | D:1      | Reached skill level 6 in Stealth
  1211 | D:1      | Reached XP level 3. HP: 20/24 MP: 3/3
  1612 | D:2      | Found a blossoming altar of Fedhas.
  1668 | D:2      | Noticed Natasha
  1675 | D:2      | Killed Natasha
  1676 | D:2      | Reached skill level 7 in Stealth
  1676 | D:2      | Reached XP level 4. HP: 29/29 MP: 4/4
  2335 | D:3      | Noticed a bullfrog
  2346 | D:3      | Mangled by a bullfrog

Illustrated notes

Levels and vault maps discovered:
D:1:      sevenhm_arrival_forest_fort_large_4, layout_rooms, serial_shops, shop,
          shop, shop, nicolae_shop_stone,
          hellmonk_ecumenical_altar_pennies_from_heaven
D:2:      layout_basic, basic_altar, uniq_natasha
D:3:      layout_rooms, gammafunk_temple_overflow_arena,
          minmay_fractal_squares_5, uniq_grinder, uniq_sigmund

Skill      XL: |  1  2  3  4 |
---------------+-------------+-----
Stealth        | 6 7 |  7.3
Short Blades   | 3 |  3.0
Fighting       | |  2.0
Throwing       | |  2.0
Dodging        | |  1.0

Action                   |  1- 3 |  4- 6 || total
-------------------------+-------+-------++-------
Melee: Dagger            |    53 |    16 ||    69
       Constrict         |    10 |     3 ||    13
       Tentacles         |    12 |     2 ||    14
  Use: Scroll            |       |     2 ||     2
       Potion            |       |     1 ||     1
 Stab: Sleeping          |     8 |     7 ||    15
Armor: Skin              |     5 |     2 ||     7
Dodge: Dodged            |    36 |    13 ||    49
